 Dungeon Crawl Stone Soup version 0.21.1-1-g345015f (webtiles) character file.

59735 bobthegiant the Severer (level 14, 129/129 HPs)
             Began as a Hill Orc Monk on Mar 3, 2018.
             Was a High Priest of Beogh.
             Quit the game on level 15 of the Dungeon on June 30, 2018.
             The game lasted 02:43:09 (25100 turns).

bobthegiant the Severer (Hill Orc Monk)            Turns: 25100, Time: 02:43:09

Health: 129/129    AC: 24    Str: 19    XL:     14   Next: 96%
Magic:  33/33      EV:  9    Int: 10    God:    Beogh [*****.]
Gold:   1779       SH:  9    Dex: 13    Spells: 11/13 levels left

rFire    . . .     SeeInvis .   k - +0 war axe (drain)
rCold    . . .     Gourm    .   P - +2 buckler
rNeg     . . .     Faith    .   J - +0 plate armour
rPois    +         Spirit   .   (helmet restricted)
rElec    .         Reflect  .   C - +0 cloak {rPois}
rCorr    +         Harm     .   W - +0 pair of gloves
MR       +....                  y - +2 pair of boots
Stlth    ..........             (no amulet)
HPRegen  0.31/turn              q - ring of magical power
MPRegen  0.23/turn              E - ring of resist corrosion

@: no status effects
A: walk on water, beak, yellow scales 1
a: Smiting, Recall Orcish Followers, Give Item to Named Follower, Renounce
Religion


You were on level 15 of the Dungeon.
You worshipped Beogh.
Beogh was extremely pleased with you.
You were not hungry.

You visited 3 branches of the dungeon, and saw 22 of its levels.

You collected 1779 gold pieces.

Inventory:

Hand Weapons
 b - a +0 whip
 g - a +4 great mace of protection
 k - a +0 war axe of draining (weapon)
 D - a +2 lajatang of venom
 G - a cursed +2 scimitar of freezing
 N - a +3 war axe
 V - a +1 war axe of freezing
Missiles
 e - 3 silver javelins (quivered)
 u - 23 tomahawks
Armour
 y - a +2 pair of boots (worn)
 C - a +0 cloak of poison resistance (worn)
 J - a +0 plate armour (worn)
 P - a +2 buckler (worn)
 W - a +0 pair of gloves (worn)
Jewellery
 q - a ring of magical power (left hand)
 E - a ring of resist corrosion (right hand)
Wands
 a - a wand of enslavement (16)
 l - a wand of paralysis (21)
 O - a wand of polymorph (34)
 Q - a wand of iceblast (21)
Scrolls
 f - 7 scrolls of identify
 h - a scroll of magic mapping
 j - a scroll of fear
 m - 8 scrolls of remove curse
 n - 7 scrolls of teleportation
 p - 3 scrolls of enchant armour
 s - a scroll of amnesia
 A - 3 scrolls of fog
 B - a scroll of brand weapon
 M - 2 scrolls of immolation
 X - a scroll of blinking {unknown}
Potions
 d - 2 potions of mutation
 o - a potion of might
 r - 4 potions of lignification
 t - 2 potions of ambrosia
 v - 6 potions of agility
 w - 5 potions of haste
 z - 5 potions of flight
 F - a potion of brilliance
 H - 2 potions of resistance {unknown}
 K - 3 potions of curing
 L - 2 potions of heal wounds
 Z - 2 potions of invisibility
Books
 I - a book of Conjurations

   Spells                             Type                      Level
   a - Magic Dart                     Conjuration                  1
   b - Searing Ray                    Conjuration                  2
   c - Dazzling Spray                 Conjuration/Hexes            3
   d - Fulminant Prism                Conjuration/Hexes            4
   e - Force Lance                    Conjuration/Translocation    4
   f - Iskenderun's Mystic Blast      Conjuration                  4
Comestibles
 c - 43 rations


   Skills:
 + Level 13.5 Fighting
 - Level 16.0 Axes
 + Level 12.1 Armour
 + Level 5.1 Dodging
 - Level 1.5 Stealth
 + Level 11.1 Shields
 - Level 3.0 Translocations
 + Level 14.0 Invocations


You had 11 spell levels left.
You knew the following spells:

 Your Spells              Type           Power        Failure   Level  Hunger
a - Blink                 Tloc           N/A          95%         2    ###....


Dungeon Overview and Level Annotations

Branches:
Dungeon (15/15)            Temple (0/1) D:5            Lair (5/6) D:10
  Snake (0/4) Lair:4        Slime (0/5) Lair:5          Orc (2/2) D:10
    Elf (0/3) Orc:2        Vaults (0/5) D:14
  Swamp: Lair:2-4    Shoals: Lair:2-4    Depths: D:15

Altars:
Sif Muna
Yredelemnul
Jiyva

Shops:
D:5 *   Orc:2 }([(

Annotations:
Lair:4 exclusion: oklob plant


Innate Abilities, Weirdness & Mutations

You can walk on water.
You have a beak for a mouth.
You are partially covered in yellow scales. (AC +2)


Message History

Saving game... please wait.
Welcome back, bobthegiant the Hill Orc Monk.
Beogh says: Drown the unbelievers in a sea of blood!
Press ? for a list of commands and other information.
Saving game... please wait.
Welcome back, bobthegiant the Hill Orc Monk.
Beogh says: Drown the unbelievers in a sea of blood!
Press ? for a list of commands and other information.
Welcome back, bobthegiant the Hill Orc Monk.
Beogh says: Drown the unbelievers in a sea of blood!
Press ? for a list of commands and other information.
Saving game... please wait.
Welcome back, bobthegiant the Hill Orc Monk.
Beogh says: Drown the unbelievers in a sea of blood!
Press ? for a list of commands and other information.
Saving game... please wait.
Welcome back, bobthegiant the Hill Orc Monk.
Beogh says: Drown the unbelievers in a sea of blood!
Press ? for a list of commands and other information.
Are you sure you want to abandon this character and quit the game? (Confirm with "yes".)

.........o.# #..###..oo
...........# #....!((#.
....<......# #o.)....#o
.###.......#+#####.o)(...##
#................[)o...(
#.....ooo.......#######.
#....ooooo.....†# .
#....oooooo....4#
#...ooo@ooo.....#
#....ooooo..........
.......oooo...........
#######################


You could see 8 friendly orc knights, the friendly Ugbert the orc knight, the
friendly Urtork the orc knight, the friendly Oreg the orc high priest, a
friendly orc sorcerer, 7 friendly orc warriors, 3 friendly orc wizards and 7
friendly orcs.

Vanquished Creatures
  Kirke (D:13)
  A vault guard (D:14)
  2 hydras
  A centaur warrior (D:13)
  Erica (D:9)
  4 two-headed ogres
  Urug (D:12)
  2 unseen horrors (D:11)
  An orc knight (D:14)
  The ghost of kalagan the Shield-Bearer, a novice GrFi of Hepliaklqana (D:7)
  4 cyclopes
  An orc sorcerer (Orc:1)
  2 manticores
  2 ugly things
  An elephant (Lair:4)
  A torpor snail (Lair:5)
  A gargoyle (D:13)
  3 spiny frogs
  A rime drake (Lair:1)
  A kobold demonologist (D:15)
  3 komodo dragons
  A meliai (D:13)
  5 trolls
  A hornet (D:8)
  A blink frog (Lair:3)
  6 hippogriffs
  2 spriggans
  2 wyverns
  16 yaks
  A wraith (D:13)
  3 basilisks
  4 hogs (D:13)
  Menkaure (D:4)
  2 wargs
  A soldier ant (D:13)
  A naga (Lair:4)
  5 water moccasins
  7 porcupines
  3 orc warriors
  The ghost of bobthegiant the Chopper, an amateur HOMo (D:3)
  3 ice beasts
  8 sky beasts
  2 black bears
  8 ogres
  A necrophage (D:10)
  8 wolves
  A boggart (D:14)
  10 centaurs
  6 crocodiles
  2 big kobolds
  A wyvern zombie (D:11)
  10 bullfrogs
  A wyvern skeleton (D:14)
  6 killer bees
  6 wights
  3 howler monkeys (D:13)
  An electric eel (Lair:3)
  3 centaur zombies
  5 crimson imps
  2 quasits (D:7)
  A bullfrog skeleton (D:7)
  4 hounds
  A jelly (D:14)
  9 orc priests
  2 centaur skeletons
  4 iguanas
  6 orc wizards
  6 worker ants
  A killer bee zombie (D:8)
  2 hound skeletons
  A river rat (D:4)
  5 adders
  A shadow imp (D:8)
  2 oozes
  2 adder skeletons
  4 worms
  A dart slug (D:1)
  5 leopard geckos
  19 orcs
  4 giant cockroaches
  12 goblins
  3 hobgoblins
  5 jackals
  3 quokkas
  A ball python (D:7)
  5 bats
  7 frilled lizards
  19 kobolds
  8 rats
  15 fungi
  12 plants
355 creatures vanquished.

Vanquished Creatures (collateral kills)
  Frances (D:12)
  Agnes (D:15)
  Snorg (D:11)
  Erolcha (D:13)
  2 ogre magi
  3 vault guards (D:14)
  5 hydras
  11 two-headed ogres
  A tengu warrior (D:13)
  2 deep trolls (Orc:1)
  An unseen horror (D:11)
  An orc knight (D:14)
  7 ugly things
  An orc sorcerer (Orc:2)
  A manticore (D:8)
  2 deep elf magi
  2 cyclopes
  3 elephants (Lair:4)
  4 centaur zombies
  4 spiny frogs
  A centaur skeleton (D:12)
  3 black mambas
  A rime drake (Lair:3)
  4 komodo dragons (Lair:1)
  An efreet (D:15)
  A freezing wraith (D:14)
  A tengu conjurer (D:15)
  2 meliai (D:13)
  12 trolls
  A queen bee (shapeshifter) (D:13)
  A polar bear (Lair:2)
  9 blink frogs
  5 hippogriffs
  15 yaks
  A human (D:10)
  2 basilisks
  A steam dragon (D:7)
  A warg (Orc:1)
  A naga (Lair:4)
  3 water moccasins
  2 acid dragons
  6 porcupines
  An eye of draining (D:15)
  2 black bears
  2 ice beasts
  8 orc warriors
  A swamp drake (Lair:4)
  A necrophage (D:11)
  A centaur (D:10)
  21 ogres
  10 wolves
  5 crocodiles
  3 big kobolds
  5 bullfrogs
  4 killer bees (D:13)
  3 wights
  3 crimson imps
  A quasit (D:8)
  3 hounds
  A jelly (D:12)
  3 orc priests
  7 orc wizards
  7 iguanas
  A worker ant (D:14)
  A killer bee zombie (D:8)
  A hound zombie (D:9)
  3 gnolls (Orc:2)
  An adder (D:8)
  13 orcs
  3 jackals
  A quokka (D:8)
  6 kobolds
  4 bushes
  22 fungi
  38 plants
314 creatures vanquished.

Vanquished Creatures (others)
  An orc sorcerer (D:14)
  9 orc warriors
  4 orc priests
  11 orc wizards
  A dart slug (D:3)
  34 orcs
  2 jackals (D:3)
  2 fungi (D:10)
  11 plants
75 creatures vanquished.

Grand Total: 744 creatures vanquished

Notes
Turn   | Place    | Note
-------+----------+-------------------------------------------
     0 | D:1      | bobthegiant the Hill Orc Monk began the quest for the Orb.
     0 | D:1      | Reached XP level 1. HP: 19/19 MP: 1/1
    96 | D:1      | Reached XP level 2. HP: 25/27 MP: 2/2
   154 | D:1      | Reached skill level 1 in Armour
   853 | D:2      | Reached XP level 3. HP: 30/33 MP: 3/3
  1471 | D:2      | Reached skill level 5 in Axes
  1687 | D:3      | Became a worshipper of Beogh the Brigand
  1687 | D:3      | Reached * piety under Beogh
  1687 | D:3      | Reached ** piety under Beogh
  1730 | D:3      | Noticed bobthegiant's ghost (amateur HOMo)
  1766 | D:3      | Killed bobthegiant's ghost
  1766 | D:3      | Reached skill level 1 in Invocations
  1766 | D:3      | Reached XP level 4. HP: 19/41 MP: 1/5
  1766 | D:3      | Reached XP level 5. HP: 21/47 MP: 1/6
  2295 | D:3      | Gained mutation: You are partially covered in yellow scales. (AC +2) [potion of mutation]
  2295 | D:3      | Gained mutation: You have a beak for a mouth. [potion of mutation]
  2299 | D:3      | Reached skill level 6 in Axes
  2896 | D:4      | Reached skill level 5 in Fighting
  2896 | D:4      | Reached XP level 6. HP: 12/56 MP: 7/7
  3137 | D:4      | Noticed Menkaure
  3147 | D:4      | Killed Menkaure
  3408 | D:4      | Reached skill level 7 in Axes
  3465 | D:4      | Reached XP level 7. HP: 59/61 MP: 9/9
  3611 | D:4      | Reached *** piety under Beogh
  4270 | D:5      | Entered Level 5 of the Dungeon
  4396 | D:5      | Found Limpewa's General Store.
  4571 | D:5      | Found a staircase to the Ecumenical Temple.
  4791 | D:5      | Reached skill level 8 in Axes
  5025 | D:5      | Reached XP level 8. HP: 55/70 MP: 11/11
  5678 | D:6      | Reached skill level 5 in Invocations
  5714 | D:6      | Reached skill level 9 in Axes
  5845 | D:6      | Found a deep blue altar of Sif Muna.
  6010 | D:6      | Reached skill level 5 in Armour
  6785 | D:7      | Reached skill level 10 in Axes
  6785 | D:7      | Reached XP level 9. HP: 73/79 MP: 13/13
  6795 | D:7      | Reached skill level 1 in Shields
  6990 | D:7      | Noticed kalagan's ghost (novice GrFi)
  7003 | D:7      | Killed kalagan's ghost
  7457 | D:7      | Reached skill level 11 in Axes
  7864 | D:8      | Noticed a two-headed ogre
  7888 | D:7      | Killed a two-headed ogre
  7888 | D:7      | Reached XP level 10. HP: 70/88 MP: 15/15
  8206 | D:8      | Noticed a manticore
  8217 | D:8      | Killed a manticore
  8219 | D:8      | Reached skill level 12 in Axes
  8356 | D:8      | Noticed an eight-headed hydra
  8367 | D:8      | Killed an eight-headed hydra
  8703 | D:8      | Noticed a two-headed ogre
  8711 | D:8      | Killed a two-headed ogre
  8808 | D:8      | Reached skill level 5 in Shields
  9499 | D:9      | Noticed a two-headed ogre
  9511 | D:8      | Killed a two-headed ogre
  9511 | D:8      | Reached skill level 13 in Axes
  9511 | D:8      | Reached XP level 11. HP: 46/97 MP: 17/17
  9730 | D:9      | Noticed a purple ugly thing
  9741 | D:9      | Killed a purple ugly thing
 10028 | D:9      | Found a basalt altar of Yredelemnul.
 10380 | D:9      | Noticed Erica
 10395 | D:9      | Killed Erica
 10555 | D:10     | Entered Level 10 of the Dungeon
 10966 | D:10     | Reached **** piety under Beogh
 11194 | D:10     | Noticed a two-headed ogre
 11199 | D:10     | Killed a two-headed ogre
 11294 | D:10     | Found a staircase to the Lair.
 11327 | D:10     | Noticed a deep elf mage
 11332 | D:10     | Killed a deep elf mage
 11332 | D:10     | Reached skill level 14 in Axes
 11433 | D:10     | Found a staircase to the Orcish Mines.
 11590 | Lair:1   | Entered Level 1 of the Lair of Beasts
 11926 | Lair:1   | Reached skill level 10 in Fighting
 12063 | Lair:1   | Reached skill level 10 in Invocations
 12204 | Lair:1   | Gained Oreg as an ally
 12685 | Lair:1   | Reached XP level 12. HP: 75/106 MP: 19/19
 13524 | Lair:2   | Identified a scroll of acquirement
 13634 | Lair:1   | Noticed an eight-headed hydra
 13638 | Lair:1   | Killed a nine-headed hydra
 14683 | Lair:3   | Reached skill level 15 in Axes
 14852 | Lair:3   | Noticed a seven-headed hydra
 14859 | Lair:3   | Killed a ten-headed hydra
 14996 | Lair:3   | Noticed a four-headed hydra
 15004 | Lair:3   | Killed an eight-headed hydra
 15552 | Lair:4   | Noticed an eight-headed hydra
 15570 | Lair:3   | Killed a nine-headed hydra
 15675 | Lair:3   | Gained Ugbert as an ally
 15713 | Lair:4   | Reached skill level 10 in Armour
 15804 | Lair:4   | Gained Urtork as an ally
 15804 | Lair:4   | Reached XP level 13. HP: 76/116 MP: 21/21
 16043 | Lair:4   | Found a staircase to the Snake Pit.
 16731 | Lair:5   | Learned a level 2 spell: Blink
 17215 | Lair:5   | Reached skill level 1 in Translocations
 17339 | Lair:5   | Found a viscous altar of Jiyva.
 17339 | Lair:5   | Found a staircase to the Slime Pits.
 17584 | D:11     | Reached ***** piety under Beogh
 18139 | D:11     | Noticed Snorg
 18147 | D:11     | Killed Snorg
 18768 | Orc:1    | Entered Level 1 of the Orcish Mines
 19597 | Orc:2    | Entered Level 2 of the Orcish Mines
 19597 | Orc:2    | Found a staircase to the Elven Halls.
 19601 | Orc:2    | Noticed an ogre mage
 19800 | Orc:1    | Reached skill level 16 in Axes
 20270 | Orc:1    | Killed an ogre mage
 20362 | Orc:2    | Found Tyofivuhu's Weapon Shoppe.
 20370 | Orc:2    | Found Xozxuamp's Armour Boutique.
 20377 | Orc:2    | Found Kimewk's Weapon Emporium.
 20378 | Orc:2    | Found Oczo's Gadget Emporium.
 20645 | Orc:2    | Paralysed by an orc sorcerer for 4 turns
 20975 | Orc:1    | Reached XP level 14. HP: 127/127 MP: 23/23
 21394 | D:12     | Noticed Frances
 21409 | D:12     | Killed Frances
 21409 | D:12     | Reached skill level 10 in Shields
 21609 | D:12     | Noticed Urug
 21617 | D:12     | Killed Urug
 22637 | D:13     | Noticed Kirke
 22663 | D:13     | Killed Kirke
 23368 | D:13     | Noticed Erolcha
 23374 | D:13     | Killed Erolcha
 24488 | D:14     | Found a gate to the Vaults.
 24660 | D:15     | Entered Level 15 of the Dungeon
 24900 | D:15     | Noticed Agnes
 24908 | D:15     | Reached skill level 5 in Dodging
 24911 | D:15     | Killed Agnes
 24954 | D:15     | Reached ****** piety under Beogh
 25100 | D:15     | Quit the game

Skill      XL: |  1  2  3  4  5  6  7  8  9 10 11 12 13 14 |
---------------+-------------------------------------------+-----
Armour         | 1 2 3 4 5 6 7 8 10 11 12 | 12.1
Fighting       | 4 5 6 7 8 9 10 11 12 13 | 13.5
Axes           | 5 6 7 8 10 11 13 14 15 16 | 16.0
Invocations    | 1 2 3 4 5 7 8 10 11 12 14 | 14.0
Shields        | 3 5 6 8 9 11 | 11.1
Translocations | 3 |  3.0
Dodging        | 3 5 |  5.1
Stealth        | |  1.5

Action                   |  1- 3 |  4- 6 |  7- 9 | 10-12 | 13-15 || total
-------------------------+-------+-------+-------+-------+-------++-------
Melee: Hand axe          |   145 |   155 |   305 |   249 |       ||   854
       Peck              |       |    18 |    60 |   144 |   136 ||   358
       War axe           |       |       |       |   372 |   563 ||   935
       Unarmed           |       |       |       |       |     2 ||     2
Throw: Javelin           |     1 |       |       |       |       ||     1
Invok: Smiting           |     1 |       |     7 |    11 |    12 ||    31
       Convert to Beogh  |     1 |       |       |       |       ||     1
       Recall Orcish Fol |       |       |       |     9 |    24 ||    33
       Give Item to Name |       |       |       |       |     3 ||     3
  Use: Potion            |       |     6 |     2 |       |       ||     8
       Scroll            |       |    10 |       |    16 |     4 ||    30
 Stab: Sleeping          |     2 |       |       |       |       ||     2
       Distracted        |       |       |       |     4 |     9 ||    13
  Eat: Chunk             |     2 |     6 |    11 |    25 |    19 ||    63
       Ration            |       |       |     1 |       |     3 ||     4
Armor: Robe              |     6 |       |       |       |       ||     6
       Chain mail        |    66 |    63 |   174 |    74 |       ||   377
       Ring mail         |       |       |       |    16 |       ||    16
       Plate armour      |       |       |       |   248 |   369 ||   617
Dodge: Dodged            |    58 |    38 |    89 |   215 |   175 ||   575
Block: Buckler           |       |       |       |   122 |   208 ||   330
